 Seeded DCSS version 0.30.1-4-g462c640d31 (webtiles) character file.

Game seed: 6351066067085065685 (custom seed)

3262 Esekla the Thaumaturge (level 9, -4/45 HPs)
             Began as a Deep Elf Necromancer on Aug 11, 2023.
             Was a Priest of Vehumet.
             Engulfed by a cloud of steam (11 damage)
             ... on level 7 of the Dungeon.
             The game lasted 00:39:42 (6386 turns).

Esekla the Thaumaturge (Deep Elf Necromancer)       Turns: 6386, Time: 00:39:43

Health: -4/45      AC:  4    Str:  5      XL:     9   Next: 68%
Magic:  10/25      EV: 14    Int: 25      God:    Vehumet [***...]
Gold:   392        SH:  0    Dex: 14 (15) Spells: 17/28 levels left

rFire   . . .        a - +4 scimitar
rCold   . . .        (no shield)
rNeg    . . .        n - +0 robe
rPois   .            i - +0 helmet
rElec   .            (no cloak)
rCorr   .            j - +0 pair of gloves
SInv    .            (no boots)
Will    .....        A - amulet of magic regeneration
Stlth   +++          (no ring)
HPRegen 0.27/turn    (no ring)
MPRegen 0.59/turn

%: no passive effects
@: no status effects
A: no striking features
a: Renounce Religion


You were on level 7 of the Dungeon.
You worshipped Vehumet.
Vehumet was most pleased with you.
You visited 1 branch of the dungeon, and saw 8 of its levels.

You collected 392 gold pieces.

Inventory:

Hand Weapons
 a - a +4 scimitar (weapon)
 r - a +4 trident of venom
 s - the +5 rapier of the Hero {heavy, rN+ Dex+3}
   (You found it on level 3 of the Dungeon)

   Dex:       It affects your dexterity (+3).
   rN:        It protects you from negative energy.
Missiles
 t - 15 poisoned darts (quivered)
 w - 5 throwing nets
 H - 5 curare-tipped darts
Armour
 i - a +0 helmet (worn)
 j - a +0 pair of gloves (worn)
 n - a +0 robe (worn)
 u - a +0 buckler
Jewellery
 A - an amulet of magic regeneration (around neck)
Wands
 c - a wand of roots (16)
 D - a wand of flame (10)
Scrolls
 e - 3 scrolls of fear
 l - 2 scrolls of amnesia
 m - a scroll of immolation {unknown}
 o - 2 scrolls of blinking
 q - 2 scrolls of fog
 v - a scroll of enchant armour {unknown}
 x - a scroll of summoning {unknown}
 y - a scroll of silence {unknown}
 z - 3 scrolls of enchant weapon {unknown}
 C - a scroll of magic mapping
 E - a scroll of teleportation {unknown}
 G - 3 scrolls of noise {unknown}
Potions
 b - a potion of magic
 d - 3 potions of ambrosia
 f - a potion of haste
 g - 6 potions of curing
 h - a potion of mutation {unknown}
 k - 6 potions of attraction {unknown}
 p - 3 potions of brilliance {unknown}
 B - a potion of lignification
 F - 2 potions of heal wounds


   Skills:
 + Level 3.9 Short Blades
 + Level 2.5 Throwing
 * Level 6.0 Dodging
 + Level 5.0 Stealth
 * Level 0.9 Shields
 * Level 10.0 Spellcasting
 * Level 4.5 Conjurations
 * Level 8.6 Necromancy
 * Level 4.4 Translocations


You had 17 spell levels left.
You knew the following spells:

 Your Spells              Type           Power      Damage    Failure   Level
a - Magic Dart            Conj           100%       1d8       1%          1
b - Necrotise             Necr           100%       1d9       1%          1
c - Kiss of Death         Conj/Necr      100%       2d13      1%          1
d - Vampiric Draining     Necr           54%        2d9       1%          3
e - Static Discharge      Conj/Air       46%        2-4/arc   1%          2
t - Teleport Other        Tloc           34%        N/A       2%          3

Your spell library contained the following spells:

 Spells                   Type           Power      Damage    Failure   Level
 Hailstorm                Conj/Ice       23%        3d7       1%          3
 Lesser Beckoning         Tloc           68%        N/A       1%          2
 Animate Dead             Necr           54%        N/A       1%          4
 Gell's Gravitas          Tloc           34%        N/A       2%          3
 Agony                    Necr           54%        N/A       3%          5
 Spider Form              Tmut/Pois      12%        N/A       14%         3
 Cause Fear               Hex            6%         N/A       43%         4
 Summon Mana Viper        Hex/Summ       12%        N/A       80%         5


Dungeon Overview and Level Annotations

Branches:
Dungeon (8/15)             Temple (0/1) D:6
   Lair: D:8-11

Altars:
Dithmenos
Fedhas
Hepliaklqana
Okawaru
Qazlal
Trog
Vehumet
Zin
The Shining One

Shops:
D:2 =   D:4 (

Annotations:
D:7 Menkaure


Message History

Aim: a steam dragon (almost dead, catching its breath)
You draw life force from the steam dragon!
You kill the steam dragon!
Vehumet accepts your kill.
You feel your power returning.
You feel life coursing into your body.
You are engulfed in a cloud of scalding steam.
Your Dodging skill increases to level 6!
Your Spellcasting skill increases to level 10!
Casting: Vampiric Draining (safe; 1% risk of failure)
Confirm with . or Enter, or press ? or * to list all spells.
Aiming: Vampiric Draining (safe; 1% risk of failure)
Press: ? - help, Shift-Dir - straight line, f - orc
Aim: an orc, wielding a +0 hand axe and wearing a +0 ring mail You draw life force from the orc!
You kill the orc!
Vehumet accepts your kill.
You feel your power returning.
You feel life coursing into your body.
You are engulfed in a cloud of scalding steam.
Casting: Vampiric Draining (safe; 1% risk of failure)
Confirm with . or Enter, or press ? or * to list all spells.
Aiming: Teleport Other (dangerous; 2% risk of failure)
Press: ? - help, Shift-Dir - straight line, f - quasit
Aim: a quasit (chance to affect: 78%)
The quasit barely resists.
You are engulfed in a cloud of scalding steam.
The quasit bites you. The quasit misses you.
The quasit claws you but does no damage.
You hit the quasit but do no damage.
You are engulfed in a cloud of scalding steam.
* * * LOW HITPOINT WARNING * * *
The quasit bites you but does no damage.
The quasit claws you but does no damage. x2
Casting: Teleport Other (dangerous; 2% risk of failure)
Confirm with . or Enter, or press ? or * to list all spells.
Aiming: Teleport Other (dangerous; 2% risk of failure)
Press: ? - help, Shift-Dir - straight line, f/p - quasit
Aim: a quasit (chance to affect: 78%)
The quasit barely resists.
You are engulfed in a cloud of scalding steam.
You die...

#..............#...
#.......#####'##...
#.......# #..##...
#.......# #)###...
######### #.# #...
########.# #...
#........######
####.............#
#@5'........[....'
####.......#.....#
#.....>.#.....#
#.......#.....#
#.......#.....#
#.......#.....#
#########.†...#
#/....# #######


You could see a quasit.

Vanquished Creatures
  Pikel (D:6)
  Joseph (D:7)
  A steam dragon (D:7)
  An ice beast (D:6)
  A sky beast (D:6)
  2 black bears
  2 ogres
  A centaur (D:7)
  A phantom (D:7)
  2 lemures (D:6)
  Blork the orc (D:6)
  2 kobold brigands
  A gnoll sergeant (D:7)
  A bullfrog (D:6)
  2 scorpions (D:5)
  3 wights (D:7)
  2 gnoll boudas
  6 hounds
  A jelly (D:6)
  2 orc priests (D:8)
  A sleepcap (D:5)
  5 iguanas
  3 orc wizards
  19 gnolls
  9 adders
  A shadow imp (D:8)
  6 white imps
  4 ufetubi
  A worm (D:4)
  3 dart slugs
  19 orcs
  6 ball pythons
  4 endoplasms
  8 goblins
  5 hobgoblins
  A quokka (D:1)
  4 bats
  4 frilled lizards
  14 kobolds
  A rat (D:2)
152 creatures vanquished.

Vanquished Creatures (others)
  An orc (D:8)
1 creature vanquished.

Grand Total: 153 creatures vanquished

Notes
Turn   | Place    | Note
-------+----------+-------------------------------------------
     0 | D:1      | Esekla the Deep Elf Necromancer began the quest for the
                  | Orb.
     0 | D:1      | Reached XP level 1. HP: 10/10 MP: 6/6
   170 | D:1      | Reached skill level 5 in Necromancy
   266 | D:2      | Found Renulab's Jewellery Shop.
   360 | D:4      | Found an iron altar of Okawaru.
   422 | D:4      | Found a glowing silver altar of Zin.
   440 | D:4      | Found a radiant altar of Vehumet.
   444 | D:4      | Became a worshipper of Vehumet
   553 | D:3      | Reached XP level 2. HP: 14/15 MP: 8/8
   699 | D:3      | Identified the +5 rapier of the Hero {heavy, rN+ Dex+3}
   828 | D:1      | Reached XP level 3. HP: 18/19 MP: 9/9
   948 | D:1      | Learned a level 3 spell: Vampiric Draining
  1019 | D:1      | Reached * piety under Vehumet
  1019 | D:1      | Offered knowledge of Magic Dart by Vehumet.
  1023 | D:1      | Learned a level 1 spell: Magic Dart
  1079 | D:2      | Noticed a black bear
  1145 | D:2      | Reached XP level 4. HP: 22/24 MP: 9/11
  1160 | D:2      | Found a faded altar of an unknown god.
  1192 | D:2      | Reached skill level 1 in Short Blades
  1541 | D:2      | Killed a black bear
  1542 | D:2      | Reached skill level 4 in Spellcasting
  1542 | D:2      | Reached skill level 1 in Conjurations
  1542 | D:2      | Reached XP level 5. HP: 23/28 MP: 2/13
  2087 | D:3      | Found a stormy altar of Qazlal.
  2089 | D:3      | Found a bloodstained altar of Trog.
  2091 | D:3      | Found a hazy altar of Hepliaklqana.
  2418 | D:4      | Found a glowing golden altar of the Shining One.
  2433 | D:4      | Reached skill level 5 in Spellcasting
  2435 | D:4      | Reached XP level 6. HP: 30/32 MP: 15/15
  2714 | D:4      | Reached ** piety under Vehumet
  2714 | D:4      | Offered knowledge of Kiss of Death by Vehumet.
  2882 | D:4      | Found Ponaysk's Antique Weapon Boutique.
  3212 | D:5      | Entered Level 5 of the Dungeon
  3291 | D:5      | Got the Parchment of the Lumpy Olives
  3294 | D:5      | Learned a level 1 spell: Kiss of Death
  3298 | D:5      | Learned a level 3 spell: Teleport Other
  3481 | D:5      | Reached XP level 7. HP: 31/36 MP: 13/17
  3497 | D:5      | Reached skill level 1 in Translocations
  3523 | D:5      | Found a shadowy altar of Dithmenos.
  3605 | D:5      | Reached skill level 1 in Throwing
  3605 | D:5      | Reached skill level 6 in Spellcasting
  3792 | D:5      | You fall into a shaft and drop 1 floor!
  3905 | D:5      | Offered knowledge of Static Discharge by Vehumet.
  3910 | D:5      | Learned a level 2 spell: Static Discharge
  4211 | D:6      | Reached XP level 8. HP: 41/41 MP: 19/19
  4266 | D:6      | Found a staircase to the Ecumenical Temple.
  4597 | D:6      | Noticed Pikel
  4702 | D:6      | Killed Pikel
  4703 | D:6      | Reached skill level 5 in Dodging
  4703 | D:6      | Reached skill level 7 in Spellcasting
  4789 | D:6      | Noticed Blork the orc
  4834 | D:6      | Killed Blork the orc
  4835 | D:6      | Reached skill level 5 in Stealth
  4835 | D:6      | Reached skill level 8 in Spellcasting
  4928 | D:6      | Found a blossoming altar of Fedhas.
  5222 | D:7      | Reached XP level 9. HP: 45/45 MP: 23/23
  5292 | D:7      | Noticed Menkaure
  5319 | D:7      | Reached *** piety under Vehumet
  5320 | D:7      | Reached skill level 9 in Spellcasting
  5615 | D:7      | Noticed Joseph
  5684 | D:7      | Killed Joseph
  6090 | D:8      | Offered knowledge of Hailstorm by Vehumet.
  6383 | D:7      | Reached skill level 10 in Spellcasting
  6386 | D:7      | Engulfed by a cloud of steam

Illustrated notes

Levels and vault maps discovered:
D:1:      sevenhm_arrival_forest_fort_small_3, layout_rooms,
          chequers_serial_rivers_room_b, minmay_misc_feat_five
D:2:      layout_loops_ring, dreamdust_ecumenical_altar_angels_and_demons,
          serial_shops, shop
D:3:      layout_basic, grunt_temple_overflow_open, minmay_misc_feat_iff
D:4:      layout_basic, nicolae_overflow_quartered_altars, serial_shops,
          nicolae_diamond_shop
D:5:      layout_loops_ring, lemuel_doored_altar, minmay_misc_feat_rows,
          dreamdust_wishing_well
D:6:      layout_loops_cross, fedhas_altar_fruit_tree,
          minmay_temple_entry_glass, uniq_pikel, uniq_blork_the_orc
D:7:      layout_basic, uniq_menkaure, uniq_joseph, uniq_crazy_yiuf_cottage
D:8:      layout_basic, nicolae_uskayaw_dance_hall, serial_demonic,
          serial_demonic_d, serial_demonic_a, serial_demonic_c,
          serial_demonic_c, nicolae_diode_quadrants

Skill      XL: |  1  2  3  4  5  6  7  8  9 |
---------------+----------------------------+-----
Necromancy     | 5 6 7 8 |  8.6
Dodging        | 3 4 5 6 |  6.0
Stealth        | 3 4 5 |  5.0
Short Blades   | 1 2 3 |  3.9
Spellcasting   | 4 5 6 8 10 | 10.0
Conjurations   | 1 2 4 |  4.5
Translocations | 1 3 4 |  4.4
Throwing       | 1 2 |  2.5
Shields        | |  0.9

Action                     |  1- 3 |  4- 6 |  7- 9 || total
---------------------------+-------+-------+-------++-------
  Melee: Short sword       |    46 |       |       ||    46
         Unarmed           |     9 |       |       ||     9
         Punch             |     1 |       |     2 ||     3
         Rapier            |    31 |    74 |   118 ||   223
         Scimitar          |       |       |     5 ||     5
  Throw: Dart              |       |    18 |    38 ||    56
   Cast: Vampiric Draining |       |    21 |    55 ||    76
         Magic Dart        |       |     4 |     1 ||     5
         Teleport Other    |       |       |    12 ||    12
  Evoke: Wand              |       |       |    11 ||    11
    Use: Scroll            |       |       |     8 ||     8
         Potion            |       |       |     1 ||     1
   Stab: Sleeping          |     4 |     7 |     4 ||    15
         Distracted        |     1 |       |       ||     1
 Armour: Robe              |    19 |    13 |    51 ||    83
  Dodge: Dodged            |    43 |    65 |   177 ||   285
